 Dungeon Crawl Stone Soup version 0.24.0-123-gd5b16e6ec5 (webtiles) character file.

Game seed: 6723992924461000906, levelgen mode: deterministic

419 FluffGlitter the Covert (level 6, -11/28 HPs)
             Began as a Spriggan Enchanter on Jan 12, 2020.
             Mangled by Duvessa
             ... wielding a +0 short sword
              (19 damage)
             ... on level 7 of the Dungeon.
             The game lasted 00:27:07 (5652 turns).

FluffGlitter the Covert (Spriggan Enchanter)        Turns: 5652, Time: 00:27:07

Health: -11/28     AC:  2    Str:  4    XL:     6   Next: 62%
Magic:  3/11       EV: 18    Int: 18    God:
Gold:   183        SH:  0    Dex: 17    Spells: 4/10 levels left

rFire    . . .     SeeInvis +   a - +1 dagger
rCold    . . .     Gourm    .   (shield restricted)
rNeg     . . .     Faith    .   b - +0 robe
rPois    +         Spirit   .   (helmet restricted)
rElec    .         Reflect  .   (no cloak)
rCorr    .         Harm     .   (gloves unavailable)
MR       +....                  (boots unavailable)
Stlth    ++++......             g - amulet of rage
HPRegen  0.09/turn              o - ring of poison resistance
MPRegen  0.12/turn              (no ring)

@: very quick
A: very small, unfitting armour, see invisible, herbivore, speed 3, slow
metabolism 2
a: Evoke Berserk Rage


You were on level 7 of the Dungeon.
You were not hungry.

You visited 1 branch of the dungeon, and saw 7 of its levels.

You collected 183 gold pieces.

Inventory:

Hand Weapons
 a - a +1 dagger (weapon)
Missiles
 c - 172 stones (quivered)
 f - 16 poisoned darts
 i - 57 sling bullets
Armour
 b - a +0 robe (worn)
Jewellery
 g - an amulet of rage (around neck)
   (You found it on level 1 of the Dungeon)
 o - a ring of poison resistance (left hand)
   (You found it on level 2 of the Dungeon)
Scrolls
 d - a scroll of teleportation {unknown}
 k - a scroll of identify {@r1}
 m - a scroll of magic mapping {unknown}
 p - a scroll of enchant weapon {unknown}
 q - a scroll of fear {unknown}
 r - 2 scrolls of amnesia {unknown}
 s - a scroll of enchant armour {unknown}
 t - 2 scrolls of remove curse {unknown}
 u - 2 scrolls of random uselessness {unknown}
 x - a scroll of fog {unknown}
 y - a scroll of blinking {unknown}
Potions
 h - a potion of mutation {unknown}
 j - a potion of curing {unknown}
 l - 2 potions of heal wounds {@q2}
 n - a potion of haste {@q3}
 v - a potion of brilliance {unknown}
 w - a potion of agility {unknown}
 z - a potion of lignification {unknown}
Comestibles
 e - 7 rations {!d}


   Skills:
 + Level 5.3 Short Blades
 - Level 3.0 Dodging
 + Level 8.8 Stealth
 - Level 2.6 Spellcasting
 - Level 3.6 Hexes


You had 4 spell levels left.
You knew the following spells:

 Your Spells              Type           Power        Failure   Level  Hunger
a - Corona                Hex            ###....      3%          1    #......
c - Confuse               Hex            ###.....     12%         3    ###....
x - Ensorcelled Hibernat  Hex/Ice        #.....       12%         2    ##.....

Your spell library contained the following spells:

 Spells                   Type           Power        Failure   Level  Hunger
 Tukima's Dance           Hex            ###.....     12%         3    ###....
 Dazzling Spray           Conj/Hex       #.....       24%         3    ###....


Dungeon Overview and Level Annotations

Branches:
Dungeon (6/15)
 Temple: D:4-7

Altars:
Gozag
Nemelex Xobeh
Trog
Vehumet

Annotations:
D:3 2 runed translucent doors, EtherCrawl's ghost, amateur DsFi
D:4 2 transporters
D:7 Duvessa


Innate Abilities, Weirdness & Mutations

You are very small and have problems with some larger weapons.
You are too small for most types of armour.
You have supernaturally acute eyesight. (SInv)
You are a herbivore.
You cover ground extremely quickly.
You need to consume almost no food.


Message History

You spit the worker ant like a pig!!!
You kill the worker ant!
Your Short Blades skill increases to level 5!
Aim: a hound (chance to defeat MR: 49%)
The hound looks drowsy...
The helpless hound fails to defend itself.
You stick the hound like a pincushion!!!
You kill the hound!
You start resting.
An adder comes into view.
You start resting.
You start waiting.
Done waiting.
You see here a worker ant corpse.
An adder comes into view.
You fall into a shaft and drop 2 floors!
The shaft crumbles and collapses.
Found a scroll labeled MUCWIETUMI.
Found a stone staircase leading down.
Duvessa and Dowan come into view.
The helpless Dowan fails to defend himself.
You perforate Dowan like a sieve!!!
You kill Dowan!
Duvessa screams in rage.
Duvessa goes berserk!
You can't see any susceptible monsters within range! (Use Z to cast anyway.)
Okay, then.
Unknown command.
You can't see any susceptible monsters within range! (Use Z to cast anyway.)
Here: Duvessa, wielding a +0 short sword and wearing a +0 leather armour (berserk, fast, unusually strong)
The floor.
Duvessa is nearby!
The floor.
Unknown command.
Unknown command.
Aim: Duvessa, wielding a +0 short sword and wearing a +0 leather armour (berserk, fast, unusually strong, chance to defeat MR: 28%) Duvessa easily resists.
Duvessa barely misses you.
Aim: Duvessa, wielding a +0 short sword and wearing a +0 leather armour (berserk, fast, unusually strong, chance to defeat MR: 28%) Duvessa easily resists.
Duvessa hits you with a +0 short sword. Duvessa closely misses you.
Aim: Duvessa, wielding a +0 short sword and wearing a +0 leather armour (berserk, fast, unusually strong, chance to defeat MR: 28%) Duvessa easily resists.
Duvessa misses you.
You hit Duvessa but do no damage.
Duvessa hits you with a +0 short sword!!
Ouch! That really hurt!
* * * LOW HITPOINT WARNING * * *
Duvessa rages.
Duvessa closely misses you.
Duvessa hits you with a +0 short sword!!
Ouch! That really hurt!
You die...

.. #.. #.# ##+##
#.# ##...###.#
##.?...##.#
##.......#># #
#........@.###...#
+.......)e........
#.........####...#
##.......## ##
##.....## ##...##
##+##


You could see Duvessa (berserk).

Vanquished Creatures
  A scorpion (D:4)
  Dowan (D:7)
  A jelly (D:5)
  A hound (D:5)
  An orc priest (D:3)
  A bullfrog skeleton (D:4)
  2 worker ants
  5 adders
  4 worms
  A dart slug (D:1)
  5 leopard geckos
  4 orcs
  3 ball pythons (D:4)
  10 bats
  5 giant cockroaches
  11 goblins
  7 hobgoblins
  3 jackals (D:1)
  9 kobolds
  5 quokkas
  7 frilled lizards
  A jackal zombie (D:3)
  9 rats
97 creatures vanquished.

Notes
Turn   | Place    | Note
-------+----------+-------------------------------------------
     0 | D:1      | FluffGlitter the Spriggan Enchanter began the quest for the
                  | Orb.
     0 | D:1      | Reached XP level 1. HP: 9/9 MP: 5/5
   147 | D:1      | Reached XP level 2. HP: 7/13 MP: 6/6
   223 | D:1      | Reached skill level 5 in Stealth
   926 | D:1      | Reached XP level 3. HP: 15/16 MP: 8/8
  1198 | D:1      | Learned a level 2 spell: Ensorcelled Hibernation
  1401 | D:1      | Learned a level 3 spell: Confuse
  1582 | D:2      | Found a bloodstained altar of Trog.
  1731 | D:2      | Reached skill level 6 in Stealth
  2023 | D:2      | Reached XP level 4. HP: 21/21 MP: 4/9
  2811 | D:3      | Found a runed translucent door.
  2893 | D:3      | Noticed a bullfrog
  2894 | D:3      | Noticed EtherCrawl's ghost (amateur DsFi)
  3433 | D:3      | Found a sparkling altar of Nemelex Xobeh.
  3966 | D:3      | Reached skill level 7 in Stealth
  4049 | D:3      | Reached XP level 5. HP: 22/24 MP: 7/10
  4517 | D:3      | Found a runed translucent door.
  4869 | D:5      | Entered Level 5 of the Dungeon
  5042 | D:4      | Reached skill level 8 in Stealth
  5042 | D:4      | Reached XP level 6. HP: 28/28 MP: 0/11
  5230 | D:4      | Found a radiant altar of Vehumet.
  5233 | D:4      | Found a transporter.
  5245 | D:4      | Found a transporter.
  5405 | D:5      | Found an opulent altar of Gozag.
  5492 | D:5      | Reached skill level 5 in Short Blades
  5633 | D:5      | You fall into a shaft and drop 2 floors!
  5634 | D:7      | Noticed Duvessa
  5634 | D:7      | Noticed Dowan
  5634 | D:7      | Killed Dowan
  5652 | D:7      | Mangled by Duvessa

Levels and vault maps discovered:
D:1:      mrwooster_arrival_statue, layout_loops_cross, minmay_pentomino_x4
D:2:      layout_basic, trog_butcher_becter
D:3:      layout_loops_ring, ebering_ghost_sewer_f, kennysheep_nub,
          nemelex_lonely_heart_becter
D:4:      layout_loops_ring, gammafunk_temple_overflow_arena
D:5:      layout_loops_ring, elyvilon_altar_3, lemuel_crystal_altar,
          nicolae_overflow_hidden_temple, temple_hall, first_ration,
          basic_altar, hangedman_minor_gate_pass, uniq_blork_the_orc,
          uniq_prince_ribbit1
D:6:      layout_basic, nemelex_altar_shiori, uniq_edmund, uniq_sigmund
D:7:      layout_loops_corners, serial_shops, nicolae_shop_stone,
          gammafunk_ghost_grave, grunt_ogre_cave, roderic_batcave,
          kennysheep_donut, uniq_menkaure, uniq_duvessa

Skill      XL: |  1  2  3  4  5  6 |
---------------+-------------------+-----
Stealth        | 5 6 7 8 |  8.8
Short Blades   | 2 3 4 5 |  5.3
Dodging        | |  3.0
Spellcasting   | |  2.6
Hexes          | |  3.6

Action                   |  1- 3 |  4- 6 || total
-------------------------+-------+-------++-------
Melee: Dagger            |   136 |   142 ||   278
Throw: Stone             |    34 |     5 ||    39
 Cast: Ensorcelled Hiber |    16 |    39 ||    55
       Corona            |     1 |       ||     1
       Confuse           |       |     3 ||     3
  Use: Scroll            |       |     3 ||     3
 Stab: Sleeping          |    21 |    40 ||    61
       Distracted        |       |     1 ||     1
  Eat: Ration            |       |     3 ||     3
Armor: Robe              |    10 |     6 ||    16
Dodge: Dodged            |    94 |   113 ||   207
